Map: 赛博森林-天梯版

Players

Harstem

  • Race: Protoss Protoss

ShoWTimE - Winner!

  • Race: Protoss Protoss

Event: WESG 2018 Grand Finals

VOD

Have the link to the VOD?

Description

Time

  • Played on: March 11, 2019, 3:19 a.m.
  • Length: 14:03

All games in this series

Show
View Real Time Build Order
Export as new Build Order

Harstem Protoss 

Build Orders: Archon Immortal 

Get SALT Encoding   

  12  0:00  Probe  
  13  0:13  Probe  
  14  0:18  Pylon  
  14  0:24  Probe  
  15  0:32  Probe  
  15  0:37  Gateway  
  15  0:40  Probe  
  16  0:46  Assimilator  
  17  0:50  Probe  
  17  0:55  Assimilator  
  18  0:58  Probe  
  19  1:07  Probe  
  20  1:13  Gateway  
  20  1:17  Probe  
  20  1:25  Cybernetics Core  
  21  1:29  Probe  
  22  1:33  Pylon  
  22  1:41  Probe  
  23  1:54  Probe  
  23  1:56  Pylon  
  23  2:01  Adept x2  
  28  2:11  Warp Gate  
  28  2:31  Sentry x2  
  32  2:41  Nexus  
  32  2:43  Pylon  
  32  2:50  Probe  
  33  2:58  Robotics Facility  
  33  3:06  Probe  
  32  3:13  Stalker  
  32  3:16  Probe  
  32  3:17  Stalker  
  35  3:24  Probe  
  35  3:33  Probe  
  36  3:35  Warp Prism  
  37  3:45  Probe  
  40  3:56  Probe  
  40  3:57  Probe  
  42  4:03  Stalker x2  
  42  4:08  Probe  
  42  4:09  Probe  
  48  4:20  Probe  
  48  4:21  Probe  
  50  4:24  Shield Battery  
  50  4:28  Observer  
  50  4:32  Probe  
  50  4:33  Probe  
  50  4:37  Forge  
  53  4:41  Adept x2  
  53  4:45  Probe x2  
  59  4:50  Twilight Council  
  59  4:55  Pylon  
  59  4:57  Probe x2, Assimilator  
  61  5:01  Assimilator  
  61  5:02  Protoss Ground Weapons Level 1  
  61  5:09  Probe  
  61  5:13  Probe  
  61  5:14  Stalker x2  
  67  5:18  Immortal  
  67  5:21  Probe  
  66  5:29  Probe  
  67  5:37  Charge  
  67  5:39  Pylon  
  67  5:41  Pylon, Adept  
  69  5:45  Pylon  
  69  5:48  Immortal  
  69  5:53  Probe  
  75  6:06  Templar Archives  
  75  6:10  Gateway  
  74  6:14  Gateway  
  74  6:18  Shield Battery  
  74  6:27  Gateway  
  74  6:29  Gateway  
  74  6:32  Protoss Ground Weapons Level 2, Gateway  
  74  6:39  Probe  
  75  6:40  Zealot  
  75  6:42  Zealot  
  75  6:43  Immortal  
  83  6:47  Pylon  
  83  6:55  Gateway  
  83  7:01  Pylon  
  83  7:09  High Templar x2  
  83  7:11  High Templar  
  83  7:14  High Templar, Pylon  
  83  7:15  Archon  
  91  7:17  Pylon  
  91  7:18  Archon  
  91  7:23  Zealot  
  91  7:24  Zealot  
  91  7:44  High Templar x2, Zealot x4  
  91  7:48  Archon  
  98  8:00  Zealot x2  
  98  8:02  Nexus  
  102  8:09  High Templar x2, Zealot x2  
  110  8:16  Archon  
  110  8:22  Zealot x2  
  110  8:23  Zealot x2  
  110  8:24  Pylon  
  118  8:28  Pylon  
  118  8:29  Protoss Ground Weapons Level 3  
  118  8:36  High Templar x2  
  118  8:39  Pylon  
  118  8:41  Pylon, Archon, Zealot  
  124  8:56  Probe x2  
  124  8:59  Immortal  
  130  9:10  Zealot  
  130  9:14  Zealot  
  134  9:18  Zealot  
  136  9:27  Zealot x3  
  124  9:42  High Templar x2  
  124  9:43  Zealot x2  
  124  9:44  Photon Cannon  
  134  9:45  Immortal  
  134  9:47  Zealot x2  
  134  9:50  Archon  
  138  10:02  Zealot x2  
  138  10:06  Shield Battery  
  141  10:09  Shield Battery  
  141  10:11  High Templar x2  
  141  10:13  Zealot x2  
  149  10:14  Shield Battery  
  149  10:16  Archon  
  149  10:17  Zealot  
  152  10:29  Zealot x2  
  152  10:34  Pylon  
  155  10:40  Zealot x4, Pylon  
  159  10:46  Probe x2  
  159  10:47  Pylon  
  159  10:49  High Templar x2  
  165  10:52  Probe  
  165  10:56  Pylon  
  164  11:04  Protoss Shields Level 1  
  164  11:06  High Templar x2, Archon  
  164  11:07  Zealot x3  
  172  11:12  Archon  
  172  11:17  Zealot  
  172  11:24  Zealot x2  
  172  11:25  Probe  
  175  11:26  Observer  
  175  11:29  Probe  
  175  11:30  Photon Cannon  
  172  11:33  Photon Cannon  
  172  11:38  Zealot x2  
  177  11:50  High Templar  
  177  11:51  High Templar  
  177  11:52  Zealot x4  
  189  11:55  Pylon  
  189  11:58  Archon  
  189  12:03  Photon Cannon  
  189  12:06  Observer  
  189  12:10  Pylon  
  189  12:15  Stalker x3  
  194  12:25  Photon Cannon  
  194  12:29  Zealot x2  
  191  12:36  Zealot x3  
  196  12:40  Assimilator  
  196  12:42  Assimilator  
  196  12:49  High Templar x2  
  200  12:55  Archon  
  200  13:08  Observer  
  200  13:11  Zealot x6  
  132  13:26  Zealot x2  
  102  13:28  Probe  
  102  13:29  Probe  
Show
View Real Time Build Order
Export as new Build Order

ShoWTimE Protoss - Winner!

Build Orders: Phoenix Opening, Zealot Archon 

Get SALT Encoding   

  12  0:00  Probe  
  13  0:12  Probe  
  14  0:18  Pylon  
  14  0:24  Probe  
  15  0:32  Probe  
  15  0:36  Gateway  
  15  0:40  Probe  
  16  0:46  Assimilator  
  17  0:50  Probe  
  17  0:54  Assimilator  
  18  0:58  Probe  
  19  1:06  Probe  
  20  1:12  Gateway  
  20  1:17  Probe  
  20  1:23  Cybernetics Core  
  21  1:29  Probe  
  22  1:34  Pylon  
  22  1:41  Probe  
  23  1:50  Warp Gate  
  23  1:53  Probe  
  24  2:00  Stalker, Sentry  
  28  2:07  Pylon  
  28  2:09  Probe  
  29  2:26  Sentry  
  31  2:36  Sentry  
  33  2:40  Nexus  
  33  2:48  Probe  
  34  2:56  Pylon, Shield Battery  
  34  3:06  Probe  
  35  3:16  Shield Battery  
  35  3:17  Probe, Robotics Facility  
  35  3:25  Probe  
  37  3:34  Probe  
  37  3:36  Forge  
  38  3:46  Probe  
  39  3:49  Adept, Probe  
  39  3:50  Adept  
  44  3:57  Probe  
  44  3:58  Probe, Phoenix  
  46  4:04  Observer  
  46  4:05  Probe  
  48  4:10  Probe  
  48  4:11  Protoss Ground Weapons Level 1  
  48  4:13  Probe  
  49  4:20  Pylon  
  49  4:22  Probe  
  51  4:24  Probe  
  51  4:30  Warp Prism  
  56  4:38  Pylon, Probe x2  
  56  4:42  Adept  
  56  4:43  Adept  
  60  4:50  Probe x2  
  62  4:53  Assimilator  
  62  4:56  Assimilator  
  62  5:01  Twilight Council  
  62  5:02  Probe  
  62  5:06  Adept  
  65  5:09  Adept  
  65  5:11  Probe  
  66  5:15  Probe  
  66  5:21  Pylon  
  66  5:29  Probe, Immortal  
  69  5:48  Stalker x2  
  73  5:50  Probe  
  73  5:51  Pylon  
  75  5:59  Charge  
  75  6:01  Gateway  
  75  6:11  Gateway  
  74  6:15  Immortal  
  78  6:38  Pylon, Gateway  
  78  6:43  Zealot x2, Templar Archives  
  78  6:47  Gateway  
  82  6:51  Gateway  
  82  6:52  Gateway  
  82  7:03  Pylon  
  82  7:10  Nexus  
  82  7:19  Pylon, High Templar  
  82  7:20  High Templar x3  
  90  7:23  Archon  
  90  7:24  Archon  
  88  7:32  Zealot  
  88  7:39  Immortal  
  88  7:46  Forge  
  88  7:51  High Templar x2  
  96  7:54  High Templar  
  96  7:55  High Templar, Zealot x4  
  108  8:00  Archon  
  108  8:05  Archon  
  108  8:13  Shield Battery  
  108  8:22  High Templar x2  
  108  8:23  Zealot x4  
  108  8:25  Pylon  
  120  8:27  Archon  
  120  8:35  Zealot  
  120  8:36  Zealot  
  124  8:44  Pylon  
  124  8:49  Zealot x2  
  124  8:50  Zealot x2  
  132  9:05  Pylon  
  132  9:07  Pylon  
  132  9:17  Pylon  
  132  9:21  Pylon  
  132  9:22  Pylon  
  132  9:28  Pylon  
  132  9:38  Zealot x4  
  132  9:42  Pylon  
  132  9:44  Pylon, Zealot  
  138  9:46  Pylon  
  138  9:51  Pylon  
  138  9:55  Pylon  
  138  10:02  High Templar x4  
  138  10:03  High Templar x2  
  138  10:06  Protoss Ground Weapons Level 2  
  150  10:09  Archon x2  
  150  10:10  Forge  
  150  10:11  Archon  
  150  10:12  Dark Shrine, Forge  
  150  10:22  Zealot x2  
  150  10:25  Protoss Shields Level 1  
  150  10:26  Pylon  
  153  10:43  Zealot x8  
  169  11:05  Zealot  
  169  11:06  Zealot x3  
  169  11:09  Zealot  
  177  11:12  Zealot  
  177  11:14  Zealot  
  175  11:24  High Templar  
  173  11:26  High Templar x3  
  173  11:30  Photon Cannon  
  173  11:32  Archon  
  179  11:43  Archon  
  179  11:46  Dark Templar x2  
  183  11:56  Dark Templar  
  183  12:03  Zealot, Dark Templar  
  183  12:04  Zealot x4  
  195  12:17  Warp Prism  
  191  12:32  High Templar  
  191  12:33  Zealot x2, High Templar  
  191  12:34  Zealot x3  
  197  12:42  Zealot, Archon  
  197  12:59  Zealot  
  199  13:12  Observer  
  153  13:14  Zealot x7  
Tags
 
Add a new tag
Caveats
  • Supply blocks, unpowered buildings, or Contaminate may cause inaccurate times.
  • Supply counts are checked every 10 seconds.